[Event "ICC tourney 3209 (40 10)"]
[Site "Internet Chess Club"]
[Date "2023.06.03"]
[Round "2"]
[White "HANKE, HARVEY:ThinkingPanda"]
[Black "PANG, ASHLEY:redhawk2020"]
[Result "1-0"]
[ICCResult "Black resigns"]
[WhiteElo "1934"]
[BlackElo "2028"]
[Opening "KGA: Fischer defense"]
[ECO "C34"]
[NIC "KG.02"]
[Time "13:15:09"]
[PlyCount "73"]
[TimeControl "2400+10"]

1. e4 e5 2. f4 exf4 3. Nf3 d6 4. Nc3 Nf6 5. d4 Be7 6. Bxf4 O-O 7. Bd3 Nc6 8.
O-O Bg4 9. Be2 d5 10. Nxd5 Nxd5 11. exd5 Qxd5 12. c3 Rac8 13. h3 Bh5 14. Qd2
Bf6 15. Kh1 Rfe8 16. Bd3 Na5 17. b3 c5 18. dxc5 Qxc5 19. b4 Qxc3 20. bxa5
Bxf3 21. Qxc3 Bxc3 22. gxf3 Bxa1 23. Rxa1 Red8 24. Be4 Rc4 25. Be3 Ra4 26.
Bxa7 Rd2 27. Bb6 g6 28. Bxb7 Rb2 29. Rd1 Rbb4 30. Rd2 Kg7 31. Kg2 Kf6 32.
Kg3 h5 33. Rd6+ Ke7 34. Rd2 Kf6 35. Bc6 h4+ 36. Kg2 Ra3 37. Bc5 {Black
resigns} 1-0

[Event "ICC tourney 3209 (40 10)"]
[Site "Internet Chess Club"]
[Date "2023.06.03"]
[Round "2"]
[White "ZHUGE, KATHERINE:FlowingMelody"]
[Black "LU, JOSHUA:qingjoshua"]
[Result "0-1"]
[ICCResult "White resigns"]
[WhiteElo "1781"]
[BlackElo "2095"]
[Opening "Caro-Kann: Tartakower (Nimzovich) variation"]
[ECO "B15"]
[NIC "CK.06"]
[Time "13:15:03"]
[PlyCount "74"]
[TimeControl "2400+10"]

1. e4 c6 2. d4 d5 3. Nc3 dxe4 4. Nxe4 Nf6 5. Nxf6+ exf6 6. c3 Bd6 7. Bd3 O-O
8. Nf3 Re8+ 9. Be3 Bg4 10. O-O Nd7 11. h3 Bh5 12. Be2 Qc7 13. Nh4 Bxe2 14.
Qxe2 g6 15. Nf3 f5 16. Qc2 Nf6 17. Rfe1 Ne4 18. Rad1 Re7 19. Ng5 Rae8 20.
Nxe4 fxe4 21. Bg5 Re6 22. Re2 Qa5 23. Bc1 Qxa2 24. Rde1 Qd5 25. Be3 Bb8 26.
c4 Qd6 27. g3 Qd7 28. Kg2 f5 29. Rd1 Rf6 30. Bg5 Rd6 31. Qd2 Qf7 32. Bf4 Rd7
33. Bxb8 Rxb8 34. Qf4 Rbd8 35. Red2 Qxc4 36. Qe5 Qd5 37. Qf6 e3+ {White
resigns} 0-1

[Event "ICC tourney 3209 (40 10)"]
[Site "Internet Chess Club"]
[Date "2023.06.03"]
[Round "2"]
[White "SKARIAH, ANUSHKA ELIZABETH:kskariah"]
[Black "HE, DANIEL:danh07"]
[Result "1-0"]
[ICCResult "Black resigns"]
[WhiteElo "1596"]
[BlackElo "1942"]
[Opening "Sicilian: Pelikan, Chelyabinsk variation"]
[ECO "B33"]
[NIC "SI.37"]
[Time "13:15:42"]
[PlyCount "133"]
[TimeControl "2400+10"]

1. e4 c5 2. Nf3 Nc6 3. d4 cxd4 4. Nxd4 Nf6 5. Nc3 e5 6. Ndb5 d6 7. Bg5 a6 8.
Na3 b5 9. Nd5 Be7 10. Bxf6 Bxf6 11. Nxf6+ Qxf6 12. c3 O-O 13. Nc2 Rb8 14. a3
Rd8 15. Ne3 Be6 16. Be2 Na5 17. b4 Nc6 18. Rc1 Qg6 19. Bf3 Rbc8 20. O-O h6
21. a4 Ne7 22. axb5 axb5 23. Qe2 Bc4 24. Nxc4 Rxc4 25. Rfd1 Rdc8 26. Rd3
Rxb4 27. Rcd1 Rbc4 28. Rxd6 Qg5 29. Rd8+ Rxd8 30. Rxd8+ Kh7 31. Qe1 Ng6 32.
Rd5 Nh4 33. Rd3 Ng6 34. g3 Nf4 35. Rd6 Ne6 36. Be2 Rc5 37. Rd5 Rc7 38. Rxb5
Nc5 39. c4 g6 40. Qa5 Qe7 41. Kg2 f6 42. Qa8 Ra7 43. Qd5 Ne6 44. Rb8 Rd7 45.
Qa8 Qg7 46. Bg4 Ra7 47. Qd5 Nd4 48. c5 Rc7 49. Rd8 f5 50. exf5 gxf5 51. Bh5
Nc6 52. Rd6 Ne7 53. Qe6 f4 54. c6 fxg3 55. hxg3 Qg5 56. Qf7+ Kh8 57. Rd8+
Ng8 58. Qxc7 Qxh5 59. Qb8 Qg6 60. Qxe5+ Kh7 61. Qc7+ Kh8 62. Qe5+ Kh7 63. c7
Qc6+ 64. Kh2 Qf3 65. Rd7+ Kg6 66. Qe8+ Kg5 67. Qe3+ {Black resigns} 1-0

[Event "ICC tourney 3209 (40 10)"]
[Site "Internet Chess Club"]
[Date "2023.06.03"]
[Round "3"]
[White "DINESH, ABINAV:abi2009"]
[Black "HEBDEN, MARK L:mhebden"]
[Result "0-1"]
[ICCResult "White resigns"]
[WhiteElo "1981"]
[BlackElo "2566"]
[Opening "Ruy Lopez: Marshall counter-attack, 11...c6"]
[ECO "C89"]
[NIC "RL.17"]
[Time "15:30:59"]
[PlyCount "46"]
[TimeControl "2400+10"]

1. e4 e5 2. Nf3 Nc6 3. Bb5 a6 4. Ba4 Nf6 5. O-O Be7 6. Re1 b5 7. Bb3 O-O 8.
c3 d5 9. exd5 Nxd5 10. Nxe5 Nxe5 11. Rxe5 c6 12. d3 Bd6 13. Re1 Qh4 14. g3
Qh3 15. Qf3 Bg4 16. Qg2 Qh5 17. Nd2 Rae8 18. Rxe8 Rxe8 19. f3 Re1+ 20. Kf2
Bh3 21. Qxh3 Qxh3 22. Kxe1 Qxh2 23. Nf1 Bxg3+ {White resigns} 0-1

[Event "ICC tourney 3209 (40 10)"]
[Site "Internet Chess Club"]
[Date "2023.06.03"]
[Round "3"]
[White "YUAN, SERENA:doudou2011"]
[Black "Mamillapalli, Anshith:anshith"]
[Result "1-0"]
[ICCResult "Black checkmated"]
[WhiteElo "1865"]
[BlackElo "704"]
[Opening "QGA, 4.e3"]
[ECO "D25"]
[NIC "QG.08"]
[Time "15:30:11"]
[PlyCount "79"]
[TimeControl "2400+10"]

1. d4 d5 2. Nf3 Nf6 3. c4 dxc4 4. e3 Nc6 5. Bxc4 Bf5 6. Nc3 e6 7. O-O Bd6 8.
Re1 Qd7 9. e4 Na5 10. Bd3 O-O-O 11. exf5 exf5 12. Qc2 Kb8 13. Bxf5 Qc6 14.
Be3 Rhe8 15. Rad1 g6 16. Bd3 h5 17. Bb5 Qb6 18. d5 c5 19. Bxe8 Rxe8 20. Na4
Qb5 21. Nxc5 Rg8 22. a4 Qe8 23. Bg5 Qc8 24. Bxf6 Bxc5 25. Be5+ Ka8 26. Rc1
b6 27. b4 g5 28. bxc5 g4 29. Nd4 h4 30. c6 h3 31. g3 Qf8 32. c7 Qc8 33. Nc6
Qb7 34. Nxa5 Rc8 35. Nxb7 Kxb7 36. Qc6+ Ka6 37. Qd7 Rxc7 38. Qb5+ Kb7 39.
Rxc7+ Ka8 40. Qe8# {Black checkmated} 1-0

[Event "ICC tourney 3209 (40 10)"]
[Site "Internet Chess Club"]
[Date "2023.06.03"]
[Round "3"]
[White "MARKOVIC, GORAN:Goran21"]
[Black "CHEN, ALAN ZISHUN:zishun"]
[Result "1-0"]
[ICCResult "Black checkmated"]
[WhiteElo "2049"]
[BlackElo "1815"]
[Opening "Ruy Lopez: closed defense"]
[ECO "C87"]
[NIC "RL.13"]
[Time "15:30:09"]
[PlyCount "75"]
[TimeControl "2400+10"]

1. e4 e5 2. Nf3 Nc6 3. Bb5 a6 4. Ba4 Nf6 5. O-O Be7 6. Re1 O-O 7. Bxc6 dxc6
8. Nxe5 Re8 9. d3 Be6 10. h3 Bf8 11. Nf3 h6 12. Nc3 Qd7 13. Ne5 Qd4 14. Nf3
Qd7 15. Bf4 Rad8 16. a3 Bc5 17. Qd2 Kh7 18. Ne5 Qe7 19. Be3 Bxh3 20. Nxf7
Qxf7 21. Bxc5 Qg6 22. f3 Re5 23. Be3 Rh5 24. Qf2 Rf8 25. f4 Bd7 26. Bd4 Ng4
27. Qg3 Qd6 28. Ne2 c5 29. Bc3 Qe7 30. f5 Qg5 31. Nf4 Rh4 32. Ng6 Rf7 33.
Nxh4 Bc6 34. Nf3 Qh5 35. Ne5 Nxe5 36. Bxe5 Re7 37. f6 Rxe5 38. Qxg7#
{Black checkmated}
1-0

[Event "ICC tourney 3209 (40 10)"]
[Site "Internet Chess Club"]
[Date "2023.06.03"]
[Round "3"]
[White "Wan, Joseph Cheng-Yue:cyborg86"]
[Black "WU, JAYDEN:SparkyNinja"]
[Result "1-0"]
[ICCResult "Black checkmated"]
[WhiteElo "2313"]
[BlackElo "2010"]
[Opening "Sicilian: Canal-Sokolsky attack, 3...Bd7"]
[ECO "B52"]
[NIC "SI.01"]
[Time "15:30:24"]
[PlyCount "53"]
[TimeControl "2400+10"]

1. e4 c5 2. Nf3 d6 3. Bb5+ Bd7 4. Bxd7+ Qxd7 5. O-O Nc6 6. Qe2 Nf6 7. Rd1 g6
8. c3 Bg7 9. d4 cxd4 10. cxd4 O-O 11. Nc3 e6 12. d5 exd5 13. Nxd5 Nxd5 14.
Rxd5 Rfe8 15. Bf4 Bxb2 16. Qxb2 Rxe4 17. Bh6 Ne5 18. Nxe5 Rxe5 19. Qxe5 dxe5
20. Rxd7 b6 21. Rad1 f5 22. g3 a5 23. Rg7+ Kh8 24. Rdd7 Rc8 25. Rxh7+ Kg8
26. Rdg7+ Kf8 27. Rh8# {Black checkmated} 1-0

[Event "ICC tourney 3209 (40 10)"]
[Site "Internet Chess Club"]
[Date "2023.06.03"]
[Round "3"]
[White "YU, VINCENT ZHIWEN:vincentyu"]
[Black "KONA, VIDIP KUMAR:Vidipkona"]
[Result "0-1"]
[ICCResult "White checkmated"]
[WhiteElo "1615"]
[BlackElo "2011"]
[Opening "Caro-Kann: Tartakower (Nimzovich) variation"]
[ECO "B15"]
[NIC "CK.06"]
[Time "15:30:13"]
[PlyCount "144"]
[TimeControl "2400+10"]

1. e4 c6 2. d4 d5 3. Nc3 dxe4 4. Nxe4 Nf6 5. Nxf6+ exf6 6. c3 Bd6 7. Bd3 O-O
8. Qc2 Re8+ 9. Ne2 h5 10. Be3 Be6 11. c4 Nd7 12. O-O-O Nf8 13. Kb1 Rc8 14.
Rdg1 b5 15. c5 Bc7 16. h3 a5 17. g4 Bd5 18. gxh5 Bxh1 19. Bh6 Ne6 20. Bxg7
Ng5 21. h6 Be4 22. Bxe4 Rxe4 23. Qxe4 Nxe4 24. Bxf6+ Kh7 25. Bxd8 Bxd8 26.
Rg7+ Kxh6 27. Rxf7 Ng5 28. Rf8 Kg7 29. Re8 Nxh3 30. f4 Nf2 31. Kc2 Ng4 32.
Kd3 Nf6 33. Re6 Kf7 34. f5 Nd5 35. a3 Bf6 36. Ke4 Re8 37. Rxe8 Kxe8 38. Nc3
Nc7 39. Ne2 Bh8 40. Nf4 Kd7 41. b3 Na6 42. Ng6 Bg7 43. Ne5+ Bxe5 44. Kxe5
Nc7 45. f6 Ne6 46. b4 a4 47. d5 Nd8 48. dxc6+ Kxc6 49. Kf5 Kd7 50. Kg6 Ke6
51. Kg7 Nf7 52. c6 Nd6 53. c7 Ne8+ 54. Kg6 Nxc7 55. f7 Ke7 56. Kg7 Ne6+ 57.
Kg6 Nd8 58. Kg7 Nxf7 59. Kg6 Nd6 60. Kg5 Nc4 61. Kf5 Nxa3 62. Ke5 Nc2 63.
Kd5 a3 64. Kc5 a2 65. Kxb5 a1=Q 66. Kc6 Nxb4+ 67. Kb5 Qc3 68. Kb6 Na6 69.
Kxa6 Qb4 70. Ka7 Kd7 71. Ka8 Kc7 72. Ka7 Qa4# {White checkmated} 0-1

[Event "ICC tourney 3209 (40 10)"]
[Site "Internet Chess Club"]
[Date "2023.06.03"]
[Round "3"]
[White "XIA, JOSHUA:MathMonkey"]
[Black "HE, DANIEL:danh07"]
[Result "1-0"]
[ICCResult "Black resigns"]
[WhiteElo "2000"]
[BlackElo "1942"]
[Opening "Sicilian: Pelikan, Chelyabinsk variation"]
[ECO "B33"]
[NIC "SI.37"]
[Time "15:30:12"]
[PlyCount "77"]
[TimeControl "2400+10"]

1. e4 c5 2. Nf3 Nc6 3. d4 cxd4 4. Nxd4 Nf6 5. Nc3 e5 6. Ndb5 d6 7. Bg5 a6 8.
Na3 b5 9. Nd5 Be7 10. Bxf6 Bxf6 11. c3 O-O 12. Nc2 Rb8 13. h4 Be7 14. Nce3
Be6 15. Be2 Qd7 16. g4 Bd8 17. Qd2 Ne7 18. O-O-O Bxd5 19. Nxd5 Nxd5 20. Qxd5
Be7 21. g5 Qa7 22. Rh2 Rfc8 23. Kb1 Rc5 24. Qb3 a5 25. Rg2 b4 26. c4 a4 27.
Qf3 a3 28. b3 Bf8 29. h5 Qe7 30. Qe3 Rcc8 31. g6 Qf6 32. Bg4 Rc7 33. Bf5 Kh8
34. Rh1 h6 35. gxf7 Qxf7 36. Rg6 d5 37. Be6 Bc5 38. Qg3 Bxf2 39. Qxe5
{Black resigns}
1-0

[Event "ICC tourney 3209 (40 10)"]
[Site "Internet Chess Club"]
[Date "2023.06.03"]
[Round "3"]
[White "YU, AVERY:Averyyu321"]
[Black "SKARIAH, ANUSHKA ELIZABETH:kskariah"]
[Result "1-0"]
[ICCResult "Black checkmated"]
[WhiteElo "1966"]
[BlackElo "1596"]
[Opening "French: Tarrasch, open, 4.ed ed"]
[ECO "C08"]
[NIC "FR.20"]
[Time "15:30:06"]
[PlyCount "111"]
[TimeControl "2400+10"]

1. e4 e6 2. d4 d5 3. Nd2 c5 4. exd5 exd5 5. Bb5+ Nc6 6. Ngf3 Nf6 7. O-O Be7
8. dxc5 Bxc5 9. Re1+ Be7 10. Ne5 Bd7 11. Nxd7 Qxd7 12. Qe2 a6 13. Bxc6 bxc6
14. Nf3 Ra7 15. Ne5 Qe6 16. Be3 Rb7 17. Qxa6 Qc8 18. Nxc6 O-O 19. Bg5 Re8
20. h3 Kf8 21. Nxe7 Rbxe7 22. Qa3 Qd7 23. Bd2 Kg8 24. Rxe7 Rxe7 25. Re1
Rxe1+ 26. Bxe1 h6 27. Qd3 Qb7 28. b3 Ne4 29. f3 Nc5 30. Qe3 Ne6 31. Bc3 Qb5
32. a4 Qc6 33. a5 Qb5 34. Qd3 Qxd3 35. cxd3 Nc5 36. b4 Nxd3 37. a6 d4 38.
Bxd4 Nxb4 39. a7 Kh7 40. a8=Q h5 41. Qe4+ Kg8 42. Qe5 f6 43. Qe8+ Kh7 44.
Qxh5+ Kg8 45. Qg6 Kh8 46. Bxf6 gxf6 47. Qxf6+ Kh7 48. Qe7+ Kg8 49. Qxb4 Kh8
50. Kf2 Kg8 51. Qb7 Kh8 52. Kg3 Kg8 53. Kg4 Kh8 54. Kg5 Kg8 55. Kg6 Kh8 56.
Qb8# {Black checkmated} 1-0

[Event "ICC tourney 3209 (40 10)"]
[Site "Internet Chess Club"]
[Date "2023.06.03"]
[Round "3"]
[White "QIAO, RICHARDSON JINGSI:Richardsonqiao"]
[Black "HANKE, HARVEY:ThinkingPanda"]
[Result "1-0"]
[ICCResult "Black checkmated"]
[WhiteElo "1573"]
[BlackElo "1934"]
[Opening "King's Indian: Larsen variation"]
[ECO "E90"]
[NIC "KI.21"]
[Time "15:33:38"]
[PlyCount "115"]
[TimeControl "2400+10"]

1. d4 Nf6 2. c4 g6 3. Nc3 Bg7 4. e4 O-O 5. Nf3 d6 6. Be3 Ng4 7. Bf4 Nd7 8.
h3 e5 9. dxe5 Ngxe5 10. Nd4 c6 11. Be2 Re8 12. O-O Qf6 13. Be3 Nb6 14. b3 g5
15. Rc1 h6 16. f4 gxf4 17. Rxf4 Qg6 18. Bh5 Qg3 19. Qe1 Qg5 20. Qe2 Bxh3 21.
Rf5 Bg4 22. Rxg5 Bxe2 23. Rxg7+ Kxg7 24. Nf5+ Kh7 25. Bxe2 Re6 26. Rd1 Rd8
27. c5 Nc8 28. cxd6 b6 29. Bf4 f6 30. Bxe5 Rxe5 31. d7 Ne7 32. Nxe7 Rxe7 33.
Bg4 Kg7 34. Bf5 h5 35. Rd6 Kh6 36. Rxf6+ Kg5 37. Rxc6 Kf4 38. Rc8 Rexd7 39.
Bxd7 Rxd7 40. Rf8+ Ke5 41. Rf5+ Kd4 42. Rd5+ Rxd5 43. exd5 Kxc3 44. d6 Kb2
45. d7 Kxa2 46. d8=Q Kxb3 47. Qd3+ Kb4 48. Qd4+ Ka5 49. Qd5+ Ka6 50. Qxh5 b5
51. g4 Ka5 52. g5 Ka4 53. g6 b4 54. g7 a5 55. g8=Q Ka3 56. Qg3+ Kb2 57.
Qhh2+ Ka1 58. Qe1# {Black checkmated} 1-0

[Event "ICC tourney 3209 (40 10)"]
[Site "Internet Chess Club"]
[Date "2023.06.03"]
[Round "3"]
[White "LU, JOSHUA:qingjoshua"]
[Black "KUNG, THOMAS:thomaskung"]
[Result "0-1"]
[ICCResult "White resigns"]
[WhiteElo "2095"]
[BlackElo "2264"]
[Opening "English, Kramnik-Shirov counterattack"]
[ECO "A21"]
[NIC "EO.23"]
[Time "15:30:08"]
[PlyCount "46"]
[TimeControl "2400+10"]

1. c4 e5 2. Nc3 Bb4 3. Nd5 Bc5 4. e3 Nf6 5. d4 Nxd5 6. dxc5 Nf6 7. b4 O-O 8.
Nf3 Re8 9. Be2 b6 10. cxb6 axb6 11. Bb2 d6 12. O-O Nbd7 13. a3 Bb7 14. Rc1
Qe7 15. Qb3 Bc6 16. Nd2 Qe6 17. Qc3 Qf5 18. Nb3 Bxg2 19. Kxg2 Ne4 20. Qe1
Re6 21. h4 Rg6+ 22. Kh2 Ng5 23. hxg5 Qxg5 {White resigns} 0-1

[Event "ICC tourney 3209 (40 10)"]
[Site "Internet Chess Club"]
[Date "2023.06.03"]
[Round "3"]
[White "ZHOU, JIANCHAO:TomCruise999"]
[Black "Aimdilokwong, Alec Daniel:Alec-hine"]
[Result "1-0"]
[ICCResult "Black forfeits on time"]
[WhiteElo "2640"]
[BlackElo "1910"]
[Opening "QGD: Janowski variation"]
[ECO "D31"]
[NIC "QP.08"]
[Time "15:30:16"]
[PlyCount "105"]
[TimeControl "2400+10"]

1. d4 d5 2. c4 e6 3. Nc3 a6 4. cxd5 exd5 5. Nf3 h6 6. Bf4 Nf6 7. e3 Bd6 8.
Be5 c6 9. h3 O-O 10. Bd3 Re8 11. O-O Bxe5 12. Nxe5 c5 13. a4 cxd4 14. exd4
Qd6 15. Re1 Nc6 16. Nxc6 Rxe1+ 17. Qxe1 Qxc6 18. a5 Bd7 19. Na4 Qd6 20. Nc5
Bc6 21. Qe5 Rd8 22. Re1 Qxe5 23. dxe5 Ne4 24. Nxe4 dxe4 25. Bxe4 Bxe4 26.
Rxe4 Rd5 27. b4 Rb5 28. f4 b6 29. axb6 Rxb6 30. Rd4 Kf8 31. Kf2 Rb5 32. Kf3
Ke7 33. Ke4 a5 34. bxa5 Rxa5 35. g4 Ra3 36. Rd3 Ra4+ 37. Kf3 Ra5 38. Rb3 Rc5
39. Re3 Ra5 40. h4 g6 41. h5 gxh5 42. gxh5 Ke6 43. Kg4 Ra1 44. Rd3 Ra6 45.
Rd8 Ke7 46. Rh8 Rb6 47. Kf5 Ra6 48. Rb8 Rc6 49. Rb1 Ra6 50. Rd1 Ra8 51. Rd6
Rh8 52. Ra6 Rh7 53. Ra7+ {Black forfeits on time} 1-0

[Event "ICC tourney 3209 (40 10)"]
[Site "Internet Chess Club"]
[Date "2023.06.03"]
[Round "3"]
[White "SHERNOFF, LEON:LeonShernoff"]
[Black "OPASKA, MICHAEL:mopaska1106"]
[Result "1-0"]
[ICCResult "Black resigns"]
[WhiteElo "1800"]
[BlackElo "1943"]
[Opening "English: symmetrical, Botvinnik system reversed"]
[ECO "A30"]
[NIC "EO.64"]
[Time "15:30:14"]
[PlyCount "71"]
[TimeControl "2400+10"]

1. c4 c5 2. g3 Nc6 3. Bg2 e5 4. Nc3 g6 5. Nf3 Bg7 6. a3 a5 7. O-O Nge7 8. e3
O-O 9. d4 exd4 10. exd4 Nxd4 11. Nxd4 cxd4 12. Nb5 Nc6 13. Bf4 a4 14. Bd6
Re8 15. Nc7 Re6 16. Bf4 g5 17. Nxe6 dxe6 18. Bd2 e5 19. Qh5 h6 20. h4 Bf5
21. hxg5 Bg6 22. Qg4 hxg5 23. Bxg5 Qc8 24. Qh4 Qd7 25. f4 exf4 26. Rxf4 d3
27. Bd5 Ra5 28. Bf6 Rxd5 29. cxd5 Qxd5 30. Bxg7 Kxg7 31. Qf6+ Kg8 32. Rh4
Qc5+ 33. Qf2 Qe5 34. Re1 Qb8 35. Qf6 Qxg3+ 36. Kf1 {Black resigns} 1-0

[Event "ICC tourney 3209 (40 10)"]
[Site "Internet Chess Club"]
[Date "2023.06.03"]
[Round "3"]
[White "Stevens, Adam Benjamin:adambenstevens"]
[Black "KOEHL, EVAN:MacAndSneeze"]
[Result "0-1"]
[ICCResult "White resigns"]
[WhiteElo "1869"]
[BlackElo "2037"]
[Opening "Grünfeld: Russian variation"]
[ECO "D96"]
[NIC "GI.10"]
[Time "15:30:03"]
[PlyCount "98"]
[TimeControl "2400+10"]

1. d4 Nf6 2. c4 g6 3. Nc3 d5 4. Nf3 Bg7 5. Qb3 c6 6. cxd5 cxd5 7. Bf4 O-O 8.
e3 Nc6 9. Bd3 Na5 10. Qc2 Bg4 11. Ne5 Be6 12. h3 Nd7 13. Nxd7 Qxd7 14. O-O
Rac8 15. Rac1 a6 16. Qa4 Nc6 17. Qa3 Bf5 18. Bxf5 Qxf5 19. Qb3 Nxd4 20. exd4
Qxf4 21. Qxd5 Bxd4 22. Qxb7 Bxf2+ 23. Kh1 Qh4 24. Qxa6 Be3 25. Rcd1 Bf4 26.
Qa4 e5 27. Nd5 Ra8 28. Qc4 Bg5 29. Qb3 Rab8 30. Qc2 Rbc8 31. Qe2 e4 32. a4
Rc6 33. a5 f5 34. Qb5 Rcc8 35. a6 f4 36. Qb3 Kh8 37. Kh2 e3 38. Rde1 Qg3+
39. Kh1 f3 40. gxf3 Qxh3+ 41. Kg1 Qg3+ 42. Kh1 Rxf3 43. Rxf3 Qxf3+ 44. Kh2
Qf2+ 45. Kh3 Qxe1 46. Qb7 Qf1+ 47. Kg3 Qf2+ 48. Kh3 Qf5+ 49. Kh2 Rc2+
{White resigns}
0-1

[Event "ICC tourney 3209 (40 10)"]
[Site "Internet Chess Club"]
[Date "2023.06.03"]
[Round "3"]
[White "PANG, ASHLEY:redhawk2020"]
[Black "HUANG, AYDEN:dabishi"]
[Result "0-1"]
[ICCResult "White checkmated"]
[WhiteElo "2028"]
[BlackElo "1942"]
[Opening "Sicilian: closed"]
[ECO "B23"]
[NIC "SI.44"]
[Time "15:30:09"]
[PlyCount "60"]
[TimeControl "2400+10"]

1. e4 c5 2. Nc3 d6 3. d4 cxd4 4. Qxd4 Nc6 5. Qd2 Nf6 6. b3 g6 7. Bb2 Bg7 8.
O-O-O O-O 9. f4 a5 10. a4 Bd7 11. Nf3 Rc8 12. e5 Ne8 13. Kb1 Bf5 14. Nd4
Nxd4 15. Qxd4 Qc7 16. Re1 dxe5 17. fxe5 Nf6 18. Bc4 Rfd8 19. Qf4 Ng4 20. Nb5
Qc6 21. h3 Qxg2 22. hxg4 Bxc2+ 23. Ka1 Rd2 24. Qxf7+ Kh8 25. Rhg1 Qh2 26.
Nd4 Be4 27. Ne6 Bxe5 28. Rh1 Bxb2+ 29. Ka2 Bc3+ 30. Ka3 Ra2# {White
checkmated} 0-1

[Event "ICC tourney 3209 (40 10)"]
[Site "Internet Chess Club"]
[Date "2023.06.03"]
[Round "3"]
[White "LIN, LEO FANYUE:Leolix"]
[Black "Cao, Frank Zhongtian:FrankCao"]
[Result "1-0"]
[ICCResult "Black resigns"]
[WhiteElo "2230"]
[BlackElo "1694"]
[Opening "Caro-Kann defense"]
[ECO "B10"]
[NIC "CK.01"]
[Time "15:30:59"]
[PlyCount "159"]
[TimeControl "2400+10"]

1. e4 c6 2. Nf3 d5 3. exd5 cxd5 4. Ne5 Nc6 5. d4 Nxe5 6. dxe5 e6 7. Nd2 Ne7
8. Nf3 Nc6 9. c3 Be7 10. Bd3 h6 11. O-O O-O 12. Bc2 h5 13. Qd3 g6 14. Qe3
Re8 15. Qh6 Bf8 16. Qf4 Bg7 17. Re1 Qc7 18. Qg3 b5 19. Bf4 b4 20. Rac1 bxc3
21. bxc3 Ne7 22. Nh4 Nf5 23. Nxf5 exf5 24. e6 Qd8 25. exf7+ Kxf7 26. Ba4 Bd7
27. Bg5 Qc8 28. Bb3 Rxe1+ 29. Rxe1 Be6 30. Qd6 Bf8 31. Qg3 Bg7 32. Re3 Qc6
33. h4 Re8 34. Qf3 Qd7 35. Rd3 Qd6 36. Bf4 Be5 37. Bxe5 Qxe5 38. Bxd5 Qe1+
39. Kh2 Qe5+ 40. g3 Bxd5 41. Rxd5 Qc7 42. Qd3 Re7 43. Qd4 Qb6 44. Rc5 Rb7
45. Qc4+ Kg7 46. Kg2 Re7 47. Rc6 Qb7 48. Kh2 Qd7 49. Qc5 Rf7 50. Rd6 Qe7 51.
Qd4+ Kh7 52. Rd8 Rg7 53. Rb8 Qc7 54. Qb4 Qe7 55. Qc4 Qc7 56. Qb5 Qd7 57. Qe5
Qe7 58. Qb5 Qd7 59. Qc5 Qd2 60. Kg2 Qe2 61. Qf8 Qe4+ 62. Kh2 Kh6 63. Qf6 Kh7
64. Qd8 Kh6 65. Qh8+ Rh7 66. Qf6 Qf3 67. Qg5+ Kg7 68. Kg1 Qd1+ 69. Kg2 Qd5+
70. Kh2 Qf3 71. Qd2 Qe4 72. c4 Qc6 73. c5 Qc7 74. Qd4+ Kh6 75. Qe3+ Kg7 76.
Re8 Qc6 77. Qd4+ Kh6 78. Qf4+ Kg7 79. Re7+ Kg8 80. Qb8+ {Black resigns} 1-0

[Event "ICC tourney 3209 (40 10)"]
[Site "Internet Chess Club"]
[Date "2023.06.03"]
[Round "4"]
[White "HEBDEN, MARK L:mhebden"]
[Black "ZHOU, JIANCHAO:TomCruise999"]
[Result "1/2-1/2"]
[ICCResult "Game drawn by mutual agreement"]
[WhiteElo "2566"]
[BlackElo "2640"]
[Opening "QGD semi-Slav"]
[ECO "D43"]
[NIC "QP.06"]
[Time "17:45:22"]
[PlyCount "21"]
[TimeControl "2400+10"]

1. d4 Nf6 2. Nf3 d5 3. c4 e6 4. Nc3 c6 5. Bg5 h6 6. Bxf6 Qxf6 7. e3 Nd7 8.
Qc2 g6 9. Be2 dxc4 10. O-O Bg7 11. Nd2 {Game drawn by mutual agreement}
1/2-1/2

[Event "ICC tourney 3209 (40 10)"]
[Site "Internet Chess Club"]
[Date "2023.06.03"]
[Round "4"]
[White "HUANG, AYDEN:dabishi"]
[Black "Stevens, Adam Benjamin:adambenstevens"]
[Result "0-1"]
[ICCResult "White resigns"]
[WhiteElo "1942"]
[BlackElo "1869"]
[Opening "Caro-Kann: Tartakower (Nimzovich) variation"]
[ECO "B15"]
[NIC "CK.06"]
[Time "17:45:19"]
[PlyCount "88"]
[TimeControl "2400+10"]

1. e4 c6 2. d4 d5 3. Nc3 dxe4 4. Nxe4 Nf6 5. Nxf6+ exf6 6. c3 Bd6 7. Bd3 O-O
8. Ne2 Re8 9. Qc2 h5 10. Be3 Nd7 11. O-O-O Nf8 12. Ng3 h4 13. Nf5 Bxf5 14.
Bxf5 Qa5 15. Kb1 g6 16. Bd3 Rac8 17. c4 c5 18. d5 a6 19. Bd2 Qc7 20. Bc3 Be5
21. g3 h3 22. f4 Bd4 23. Bf1 Qd7 24. Bxd4 cxd4 25. Rxd4 Re1+ 26. Rd1 Rxd1+
27. Qxd1 b5 28. Qc2 bxc4 29. Bxc4 Qc7 30. Rc1 Qd6 31. Qe2 a5 32. Qg4 Rb8 33.
Qxh3 Nd7 34. Qg2 Nb6 35. Qe4 Qb4 36. b3 a4 37. Ka1 axb3 38. axb3 Qa3+ 39.
Kb1 Nxc4 40. Rxc4 Rxb3+ 41. Kc2 Rb2+ 42. Kd1 Rxh2 43. Rc2 Qa1+ 44. Rc1 Qb2
{White resigns}
0-1

[Event "ICC tourney 3209 (40 10)"]
[Site "Internet Chess Club"]
[Date "2023.06.03"]
[Round "4"]
[White "KUNG, THOMAS:thomaskung"]
[Black "LIN, LEO FANYUE:Leolix"]
[Result "1-0"]
[ICCResult "Black resigns"]
[WhiteElo "2264"]
[BlackElo "2230"]
[Opening "Pirc defense"]
[ECO "B07"]
[NIC "PU.08"]
[Time "17:46:37"]
[PlyCount "61"]
[TimeControl "2400+10"]

1. e4 d6 2. d4 Nf6 3. Nc3 e5 4. Nf3 exd4 5. Nxd4 Be7 6. Be3 O-O 7. Qd2 Re8
8. O-O-O c6 9. Be2 Bf8 10. f3 d5 11. Bg5 dxe4 12. fxe4 Be7 13. Rhf1 h6 14.
Bf4 Bd6 15. Nxc6 Bxf4 16. Qxf4 Qb6 17. Nxb8 Qe6 18. e5 Qxe5 19. Qxe5 Rxe5
20. Rxf6 gxf6 21. Rd8+ Kg7 22. Rxc8 a6 23. Bf3 Ra7 24. Nd7 Re7 25. Nb6 Re6
26. Ncd5 a5 27. a4 Ra6 28. Rc7 Raxb6 29. Nxb6 Rxb6 30. Rxb7 Ra6 31. c4
{Black resigns}
1-0

[Event "ICC tourney 3209 (40 10)"]
[Site "Internet Chess Club"]
[Date "2023.06.03"]
[Round "4"]
[White "CHEN, ALAN ZISHUN:zishun"]
[Black "OPASKA, MICHAEL:mopaska1106"]
[Result "0-1"]
[ICCResult "White checkmated"]
[WhiteElo "1815"]
[BlackElo "1943"]
[Opening "Caro-Kann: Panov-Botvinnik attack"]
[ECO "B13"]
[NIC "CK.03"]
[Time "17:45:15"]
[PlyCount "104"]
[TimeControl "2400+10"]

1. e4 c6 2. d4 d5 3. exd5 cxd5 4. c4 Nf6 5. Nc3 Nc6 6. Nf3 e6 7. cxd5 Nxd5
8. Bc4 Be7 9. O-O O-O 10. Re1 Bf6 11. h3 Nb6 12. Bd3 Nxd4 13. Nxd4 Qxd4 14.
Be3 Qb4 15. Ne4 Be7 16. Ng5 g6 17. Nxh7 Kxh7 18. Qh5+ Kg8 19. Bxg6 Qh4 20.
Bh7+ Kg7 21. Bh6+ Kxh7 22. Qxh4 Bxh4 23. Bxf8 Bd7 24. Ba3 Bc6 25. Rad1 Nd5
26. Re5 Bf6 27. Ree1 Rg8 28. g3 Rg6 29. Bc5 Bxb2 30. Bxa7 Bc3 31. Re4 Bf6
32. Ree1 Nc3 33. Rd2 Ne4 34. Rde2 Ng5 35. Rc1 Nxh3+ 36. Kh2 Rh6 37. f3 Nf4+
38. Kg1 Nxe2+ 39. Kf2 Nxc1 40. Be3 Rh2+ 41. Kg1 Re2 42. Bxc1 Re1+ 43. Kf2
Rxc1 44. Ke2 Rc2+ 45. Kd3 Rxa2 46. Ke3 Ra3+ 47. Kf4 Rxf3+ 48. Kg4 Kg6 49.
Kh3 Rf1 50. Kg4 Be5 51. Kh4 Bf3 52. g4 Rh1# {White checkmated} 0-1